 Dungeon Sprint DCSS version 0.29.1-1-gd02db6906a (webtiles) character file.

Game seed: 10371784654389402553

91 Arandomuser85 the Covert (level 4, 0/31 HPs)
             Began as an Octopode Brigand on Oct 14, 2022.
             Killed from afar by an oklob sapling priest (19 damage)
             ... with a splash of acid
             ... in the Dungeon (Sprint IV: "Fedhas' Mad Dash").
             The game lasted 00:00:21 (53 turns).

Arandomuser85 the Covert (Octopode Brigand)           Turns: 53, Time: 00:00:23

Health: 0/31       AC:  1    Str: 10    XL:     4   Next: 57%
Magic:  4/4        EV: 14    Int: 13    God:
Gold:   60         SH:  0    Dex: 15    Spells: 3/3 levels left

rFire   . . .      SeeInvis .   a - +2 dagger
rCold   . . .      Faith    .   (no shield)
rNeg    . . .      Spirit   .   (helmet restricted)
rPois   .          Reflect  .   (no amulet)
rElec   .          Harm     .   (no ring)
rCorr   .          Rampage  .   (no ring)
Will    .....      NoTele   +   (no ring)
Stlth   ++++++....              (no ring)
HPRegen 0.10/turn               (no ring)
MPRegen 0.09/turn               (no ring)
                                (no ring)
                                (no ring)

@: no status effects
A: almost no armour, amphibious, 8 rings, camouflage 1, gelatinous body 1,
(nimble swimmer 1), tentacles
a: no special abilities


You were in the Dungeon.
You visited 1 branch You collected 60 gold pieces.

Inventory:

Hand Weapons
 a - a +2 dagger (weapon)
Missiles
 b - 9 poisoned darts (quivered)
 c - 3 curare-tipped darts
Jewellery
 j - the amulet of invisibility {+Inv}
   (You found it in the Dungeon)

   [amulet of nothing]

   +Inv:      It lets you turn invisible.
Scrolls
 i - a scroll of blinking
Potions
 d - a potion of curing
 e - a potion of heal wounds
 f - a potion of haste
 g - 2 potions of magic
 h - a potion of berserk rage


   Skills:
 * Level 3.3 Fighting
 * Level 3.3 Short Blades
 - Level 2.0 Throwing
 * Level 3.0 Dodging
 * Level 11.3 Stealth


You had 3 spell levels left.
You didn't know any spells.
Your spell library was empty.

Dungeon Overview and Level Annotations

Branches:
Dungeon (1/1)

Altars:
Cheibriados
Dithmenos
Elyvilon
Gozag
Hepliaklqana
Kikubaaqudgha
Makhleb
Nemelex Xobeh
Okawaru
Qazlal
Ru
Sif Muna
Trog
Uskayaw
Vehumet
Wu Jian
Xom
Yredelemnul
Zin
The Shining One
Jiyva
Lugonu

Annotations:
D exclusion: oklob sapling


Innate Abilities, Weirdness & Mutations

You cannot wear most types of armour.
You are amphibious.
You can wear up to eight rings at the same time.
Your skin changes colour to match your surroundings (Stealth+).
Your rubbery body absorbs attacks. (AC +1, EV +1)
((You are camouflaged when in or above water. (Stealth+)))
You have tentacles for arms and can constrict up to eight enemies at once.


Message History

Found ten altars.
An oklob sapling priest comes into view.
Found three altars.
Marking area around an oklob sapling priest as unsafe for travelling.
There is an open door here.
Found three altars.
Found two altars.
Found three altars.
The oklob sapling priest spits acid at you.
The splash of acid misses you.
There is an opulent altar of Gozag here.
Found a radiant altar of Vehumet and a corrupted altar of Lugonu.
There is a burning altar of Makhleb here.
There is a sparkling altar of Nemelex Xobeh here.
You hit the oklob sapling priest but do no damage.
You grab the oklob sapling priest.
You constrict the oklob sapling priest, but do no damage.
The oklob sapling priest casts a cantrip, but nothing happens.
You completely miss the oklob sapling priest.
You constrict the oklob sapling priest. You hit the oklob sapling priest.
The oklob sapling priest is lightly damaged.
You constrict the oklob sapling priest, but do no damage.
The oklob sapling priest spits acid at you.
The splash of acid hits you!
You hit the oklob sapling priest but do no damage.
The oklob sapling priest is lightly damaged.
You constrict the oklob sapling priest, but do no damage.
The oklob sapling priest spits acid at you.
The splash of acid misses you.
You completely miss the oklob sapling priest.
The oklob sapling priest is lightly damaged.
You constrict the oklob sapling priest.
You hit the oklob sapling priest but do no damage.
The oklob sapling priest is lightly damaged.
You constrict the oklob sapling priest.
The oklob sapling priest spits acid at you.
The splash of acid hits you!!
Ouch! That really hurt!
You die...

########################
....#.....#.⌠._._._._.⌠.
....'.#)..'.._._._._._..
....#.#...#..._.@P_._...
########+##.._._._._._..
#._._._._._.⌠.
##############


You could see an oklob sapling priest.

Vanquished Creatures
  A scorpion (D)
  An oklob sapling (D)
  A river rat (D)
  A rat (D)
4 creatures vanquished.

Notes
Turn   | Place    | Note
-------+----------+-------------------------------------------
     0 | D        | Arandomuser85 the Octopode Brigand began the quest for the
                  | Orb.
     0 | D        | Reached XP level 1. HP: 14/14 MP: 1/1
     9 | D        | Reached skill level 7 in Stealth
     9 | D        | Reached XP level 2. HP: 20/20 MP: 2/2
    15 | D        | Noticed an oklob sapling
    17 | D        | Killed an oklob sapling
    18 | D        | Reached skill level 9 in Stealth
    18 | D        | Reached XP level 3. HP: 25/25 MP: 3/3
    19 | D        | Noticed a scorpion
    19 | D        | Found the amulet of invisibility {+Inv}
    21 | D        | Killed a scorpion
    22 | D        | Reached skill level 11 in Stealth
    22 | D        | Reached XP level 4. HP: 31/31 MP: 4/4
    40 | D        | Found an opulent altar of Gozag.
    40 | D        | Found a hazy altar of Hepliaklqana.
    40 | D        | Found a burning altar of Makhleb.
    40 | D        | Found a sparkling altar of Nemelex Xobeh.
    40 | D        | Found a snail-covered altar of Cheibriados.
    40 | D        | Found a sacrificial altar of Ru.
    40 | D        | Found a shimmering blue altar of Sif Muna.
    40 | D        | Found a shimmering altar of Xom.
    40 | D        | Found a basalt altar of Yredelemnul.
    41 | D        | Found a viscous altar of Jiyva.
    41 | D        | Found a bloodstained altar of Trog.
    41 | D        | Found an ornate altar of the Wu Jian Council.
    41 | D        | Noticed an oklob sapling priest
    42 | D        | Found an iron altar of Okawaru.
    42 | D        | Found a shadowy altar of Dithmenos.
    42 | D        | Found a glowing silver altar of Zin.
    43 | D        | Found an ancient bone altar of Kikubaaqudgha.
    43 | D        | Found a hide-covered altar of Uskayaw.
    44 | D        | Found a stormy altar of Qazlal.
    44 | D        | Found a white marble altar of Elyvilon.
    44 | D        | Found a glowing golden altar of the Shining One.
    45 | D        | Found a radiant altar of Vehumet.
    45 | D        | Found a corrupted altar of Lugonu.
    53 | D        | Killed from afar by an oklob sapling priest

Illustrated notes

Levels and vault maps discovered:
D:        dungeon_sprint_fedhas [sprint_temple]

Skill      XL: |  1  2  3 |
---------------+----------+-----
Stealth        | 7 9 11 | 11.3
Dodging        | 2 3 |  3.0
Fighting       | 3 |  3.3
Short Blades   | 3 |  3.3
Throwing       | |  2.0

Action                   |  1- 3 |  4- 6 || total
-------------------------+-------+-------++-------
Melee: Dagger            |     5 |     6 ||    11
       Tentacles         |     3 |       ||     3
       Constrict         |     2 |     1 ||     3
 Stab: Sleeping          |     2 |       ||     2
Dodge: Dodged            |     2 |     2 ||     4
